 Dungeon Crawl Stone Soup version 0.29.1-14-g9c671dbff4 (webtiles) character file.

Game seed: 14773604761641664398

17997 Renzlar the Blocker (level 12, -17/97 HPs)
             Began as a Gnoll Fighter on Feb 20, 2023.
             Was a High Priest of Okawaru.
             Killed from afar by Jorgrun (45 damage)
             ... with an iron shot
             ... on level 11 of the Dungeon.
             The game lasted 00:47:46 (13317 turns).

Renzlar the Blocker (Gnoll Fighter)                Turns: 13317, Time: 00:47:47

Health: -17/97     AC: 29    Str: 17    XL:     12   Next: 53%
Magic:  23/23      EV: 10    Int:  9    God:    Okawaru [*****.]
Gold:   771        SH:  7    Dex: 18    Spells: 17/26 levels left

rFire   . . .      SeeInvis +   a - +3 broad axe (spect)
rCold   + . .      Faith    .   x - +0 buckler
rNeg    . . .      Spirit   .   B - +18 Lear's hauberk
rPois   .          Reflect  .   (helmet currently unavailable)
rElec   +          Harm     .   (no cloak)
rCorr   .          Rampage  .   (gloves currently unavailable)
Will    .....                   (boots currently unavailable)
Stlth   +.........              (no amulet)
HPRegen 0.26/turn               j - ring of see invisible
MPRegen 0.18/turn               t - ring of Wecser {rElec rC+ Str-2 Dex+6 SInv}

@: no status effects
A: fangs 1, strong nose, distributed training
a: Renounce Religion, Heroism, Finesse, Duel


You were on level 11 of the Dungeon.
You worshipped Okawaru.
Okawaru was extremely pleased with you.
You visited 3 branches of the dungeon, and saw 13 of its levels.

You collected 787 gold pieces.
You spent 16 gold pieces at shops.

Inventory:

Hand Weapons
 a - a +3 spectral broad axe (weapon)
 b - a +3 war axe
 c - a +0 sling
 k - a +2 dagger of freezing
 u - a +1 flail of venom
Missiles
 e - 21 poisoned darts (quivered)
 n - 15 javelins
Armour
 x - a +0 buckler (worn)
 B - the +18 Lear's hauberk (worn)
   (You found it on level 10 of the Dungeon)
 D - +0 acid dragon scales
Jewellery
 j - a ring of see invisible (left hand)
 s - a ring of flight
 t - the ring of Wecser (right hand) {rElec rC+ Str-2 Dex+6 SInv}
   (You acquired it on level 3 of the Dungeon)

   [ring of dexterity]

   Str:       It affects your strength (-2).
   Dex:       It affects your dexterity (+6).
   rC:        It protects you from cold.
   rElec:     It insulates you from electricity.
   SInv:      It lets you see invisible.
 J - a ring of positive energy
Wands
 i - a wand of digging (5)
 o - a wand of roots (17)
 z - a wand of mindburst (15)
 H - a wand of light (7)
Scrolls
 g - a scroll of identify
 p - 2 scrolls of enchant weapon
 q - 2 scrolls of enchant armour
 r - 2 scrolls of blinking
 v - 3 scrolls of magic mapping
 w - 2 scrolls of amnesia
 F - a scroll of silence
 G - a scroll of teleportation
Potions
 d - 2 potions of might
 f - 4 potions of lignification
 h - 4 potions of curing
 l - a potion of haste
 m - 2 potions of magic
 A - a potion of flight
 C - a potion of resistance
 E - 2 potions of berserk rage
 I - a potion of cancellation
Miscellaneous
 y - a piece from Xom's chessboard (15/15)


   Skills:
 + Level 10.1 Fighting
 + Level 7.6 Short Blades
 + Level 7.6 Long Blades
 + Level 9.0 Axes
 + Level 7.6 Maces & Flails
 + Level 7.6 Polearms
 + Level 7.6 Staves
 + Level 7.6 Ranged Weapons
 + Level 7.6 Throwing
 + Level 10.1 Armour
 + Level 7.6 Dodging
 + Level 7.6 Stealth
 + Level 10.1 Shields
 + Level 7.6 Unarmed Combat
 + Level 7.6 Spellcasting
 + Level 6.3 Conjurations
 + Level 6.3 Hexes
 + Level 6.3 Summonings
 + Level 6.3 Necromancy
 + Level 6.3 Translocations
 + Level 6.3 Transmutations
 + Level 6.3 Fire Magic
 + Level 6.3 Ice Magic
 + Level 6.3 Air Magic
 + Level 6.3 Earth Magic
 + Level 6.3 Poison Magic
 + Level 8.4 Invocations
 + Level 7.6 Evocations


You had 17 spell levels left.
You knew the following spells:

 Your Spells              Type           Power      Damage    Failure   Level
a - Portal Projectile     Hex/Tloc       28%        N/A       43%         3
b - Searing Ray           Conj           28%        2d5       24%         2
c - Anguish               Hex/Necr       7%         N/A       85%         4

Your spell library contained the following spells:

 Spells                   Type           Power      Damage    Failure   Level
 Magic Dart               Conj           56%        1d5       16%         1
 Necrotise                Necr           56%        1d6       16%         1
 Slow                     Hex            56%        N/A       16%         1
 Ensorcelled Hibernation  Hex/Ice        28%        N/A       24%         2
 Poisonous Vapours        Pois/Air       28%        N/A       24%         2
 Confusing Touch          Hex            14%        N/A       43%         3
 Mephitic Cloud           Conj/Pois/Air  14%        N/A       43%         3
 Spider Form              Tmut/Pois      14%        N/A       43%         3
 Vampiric Draining        Necr           14%        2d7       43%         3
 Corpse Rot               Necr/Pois/Air  14%        N/A       85%         4
 Fulminant Prism          Conj/Hex       7%         3d7       85%         4
 Leda's Liquefaction      Hex/Erth       7%         N/A       85%         4
 Agony                    Necr           14%        N/A       99%         5
 Blade Hands              Tmut           7%         N/A       99%         5
 Iron Shot                Conj/Erth      7%         9d2       100%        6
 Call Imp                 Summ           Unusable   N/A       N/A         2
 Call Canine Familiar     Summ           Unusable   N/A       N/A         3
 Tukima's Dance           Hex            Unusable   N/A       N/A         3
 Animate Armour           Summ/Erth      Unusable   N/A       N/A         4

Dungeon Overview and Level Annotations

Branches:
Dungeon (11/15)            Temple (1/1) D:6            Lair (0/5) D:11
    Orc (1/2) D:11

Altars:
Cheibriados
Dithmenos
Elyvilon
Fedhas
Gozag
Hepliaklqana
Kikubaaqudgha
Makhleb
Nemelex Xobeh
Okawaru
Qazlal
Sif Muna
Uskayaw
Vehumet
Wu Jian
Xom
Zin
The Shining One

Shops:
D:2 (   D:4 *   D:6 :

Annotations:
D:6 2 runed translucent doors
D:11 Jorgrun


Innate Abilities, Weirdness & Mutations

You have very sharp teeth.
Your uncanny sense of smell can sniff out nearby items.
Your experience applies equally to all skills.


Message History

Jorgrun is moderately wounded.
Your +3 spectral broad axe completely misses Jorgrun.
Jorgrun hits you but does no damage.
You slash Jorgrun! Your bite misses Jorgrun.
Jorgrun is heavily wounded.
Your +3 spectral broad axe closely misses Jorgrun.
Jorgrun drinks a potion.
Jorgrun is healed!
You barely miss Jorgrun. You bite Jorgrun, but do no damage.
Jorgrun is heavily wounded.
Your +3 spectral broad axe hits Jorgrun!
You block Jorgrun's attack.
You miss Jorgrun.
Jorgrun is heavily wounded.
Your +3 spectral broad axe hits Jorgrun!
Your +3 spectral broad axe fades away.
Jorgrun barely misses you.
You hit Jorgrun.
Jorgrun is severely wounded.
Your +3 spectral broad axe hits Jorgrun!
Jorgrun hits your +3 spectral broad axe with a staff of earth!
Your spectral weapon shares its damage with you!
Jorgrun shatters your +3 spectral broad axe!!
Your spectral weapon shares its damage with you!
Your +3 spectral broad axe fades away.
Jorgrun gestures at you while chanting. The iron shot hits you!!!
Ouch! That really hurt!
* * * LOW HITPOINT WARNING * * *
Unknown command.
Unknown command.
You slash Jorgrun!
Jorgrun is almost dead.
Your +3 spectral broad axe completely misses Jorgrun.
Jorgrun completely misses you.
You slash Jorgrun! Your bite misses Jorgrun.
Jorgrun is almost dead.
Your +3 spectral broad axe barely misses Jorgrun.
Jorgrun points at you and mumbles some strange words.
The iron shot hits you!!!
You die...

#..............##...............#
#........##....##....##.........#
#......[)##..........##.........#
#...[...........).........##....#
##...##...................##....#
#...##........###..............#
#..............................#
#.............([[..........##..#
#..##.........g@...........##..#
#..##..........[)..............#
##..............................#
...........................##...#
......##.........).........##...#
......##........................#
...........##..........##.......#
...........##....##....##.......#
.................##.............#


You could see Jorgrun and a friendly +3 spectral broad axe (summoned).

Vanquished Creatures
  A boulder beetle (D:11)
  A hydra (D:10)
  6 two-headed ogres
  3 death yaks (D:10)
  Pikel (D:5)
  2 cyclopes (D:6)
  A komodo dragon (D:10)
  A hornet (D:11)
  2 trolls
  Grinder (D:4)
  A wyvern (D:9)
  A human (D:11)
  2 wraiths
  A vampire (D:11)
  23 yaks
  Eustachio (D:6)
  3 steam dragons (D:9)
  Grum (D:11)
  5 water moccasins
  An acid dragon (D:8)
  A warg (D:10)
  8 orc warriors
  A sky beast (D:10)
  2 black bears (D:6)
  3 ice beasts
  3 wolves (D:11)
  5 centaurs
  4 ogres
  A phantom (D:4)
  Blork the orc (D:4)
  A bullfrog (D:3)
  A kobold brigand (D:10)
  A gnoll sergeant (D:9)
  A necrophage (D:5)
  A scorpion (D:5)
  2 howler monkeys (D:8)
  6 orc priests
  A hound (D:5)
  2 jellies
  2 gnoll boudas
  Terence (D:2)
  2 iguanas
  13 orc wizards
  A human simulacrum (D:10)
  12 gnolls
  A river rat (D:11)
  11 adders
  2 shadow imps
  2 white imps
  An ufetubus (D:6)
  2 dart slugs (D:2)
  49 orcs
  8 endoplasms
  6 giant cockroaches
  11 goblins
  4 hobgoblins
  17 kobolds
  6 quokkas
  6 ball pythons
  7 bats
  5 rats
272 creatures vanquished.

Vanquished Creatures (others)
  A human simulacrum (D:10)
  2 orcs (Orc:1)
3 creatures vanquished.

Grand Total: 275 creatures vanquished

Notes
Turn   | Place    | Note
-------+----------+-------------------------------------------
     0 | D:1      | Renzlar the Gnoll Fighter began the quest for the Orb.
     0 | D:1      | Reached XP level 1. HP: 23/23 MP: 1/1
   147 | D:1      | Reached XP level 2. HP: 27/29 MP: 2/2
   885 | D:2      | Reached XP level 3. HP: 33/35 MP: 3/3
  1054 | D:2      | You fall into a shaft and drop 2 floors!
  1065 | D:3      | Noticed a bullfrog
  1073 | D:3      | Killed a bullfrog
  1074 | D:3      | Reached skill level 1 in Short Blades
  1074 | D:3      | Reached skill level 1 in Long Blades
  1074 | D:3      | Reached skill level 1 in Maces & Flails
  1074 | D:3      | Reached skill level 1 in Polearms
  1074 | D:3      | Reached skill level 1 in Staves
  1074 | D:3      | Reached skill level 1 in Ranged Weapons
  1074 | D:3      | Reached skill level 1 in Throwing
  1074 | D:3      | Reached skill level 1 in Dodging
  1074 | D:3      | Reached skill level 1 in Stealth
  1074 | D:3      | Reached skill level 1 in Unarmed Combat
  1074 | D:3      | Reached skill level 1 in Spellcasting
  1074 | D:3      | Reached skill level 1 in Conjurations
  1074 | D:3      | Reached skill level 1 in Hexes
  1074 | D:3      | Reached skill level 1 in Summonings
  1074 | D:3      | Reached skill level 1 in Necromancy
  1074 | D:3      | Reached skill level 1 in Translocations
  1074 | D:3      | Reached skill level 1 in Transmutations
  1074 | D:3      | Reached skill level 1 in Fire Magic
  1074 | D:3      | Reached skill level 1 in Ice Magic
  1074 | D:3      | Reached skill level 1 in Air Magic
  1074 | D:3      | Reached skill level 1 in Earth Magic
  1074 | D:3      | Reached skill level 1 in Poison Magic
  1074 | D:3      | Reached skill level 1 in Invocations
  1074 | D:3      | Reached skill level 1 in Evocations
  1074 | D:3      | Reached XP level 4. HP: 28/41 MP: 5/5
  1219 | D:3      | Reached XP level 5. HP: 45/47 MP: 5/7
  1356 | D:2      | Noticed Terence
  1393 | D:2      | Killed Terence
  1592 | D:2      | Found Kerayl's Antique Weapon Boutique.
  1910 | D:2      | Found a faded altar of an unknown god.
  2015 | D:2      | Identified a scroll of acquirement
  2015 | D:2      | Acquired a +2 vorpal broad axe
  2108 | D:3      | Acquired the ring of Wecser {rElec rC+ Str-2 Dex+6 SInv}
  2432 | D:4      | Reached XP level 6. HP: 53/53 MP: 8/8
  2492 | D:4      | Noticed Grinder
  2516 | D:4      | Killed Grinder
  2517 | D:4      | Reached skill level 5 in Axes
  2552 | D:4      | Noticed Blork the orc
  2564 | D:4      | Killed Blork the orc
  2565 | D:4      | Reached XP level 7. HP: 45/60 MP: 10/10
  2895 | D:4      | Found an opulent altar of Gozag.
  2959 | D:4      | Found Mexkeamm's General Store.
  2967 | D:4      | Bought a +0 sling for 16 gold pieces
  3101 | D:5      | Entered Level 5 of the Dungeon
  3641 | D:5      | Reached XP level 8. HP: 67/67 MP: 12/12
  4018 | D:5      | Noticed Pikel
  4026 | D:5      | Killed Pikel
  4173 | D:6      | Found a large runed translucent door.
  4175 | D:6      | Found a large runed translucent door.
  4180 | D:6      | Noticed a cyclops
  4181 | D:6      | Noticed a wraith
  4292 | D:6      | Noticed a cyclops
  4324 | D:6      | Killed a cyclops
  4325 | D:6      | Reached XP level 9. HP: 35/74 MP: 13/15
  4921 | D:6      | Found a large runed translucent door.
  4921 | D:6      | Found a large runed translucent door.
  4999 | D:6      | Noticed a troll
  5011 | D:6      | Killed a troll
  5012 | D:6      | Reached skill level 5 in Invocations
  5523 | D:6      | Found a staircase to the Ecumenical Temple.
  5531 | Temple   | Entered the Ecumenical Temple
  5558 | Temple   | Became a worshipper of Warmaster Okawaru
  5573 | D:6      | Found Kunipizxe's Book Emporium.
  5657 | D:6      | Noticed Eustachio
  5674 | D:6      | Killed Eustachio
  5779 | D:6      | Killed a cyclops
  5779 | D:6      | Reached * piety under Okawaru
  5795 | D:6      | Identified the +1 robe of the Endless Defenders {MP+9
                  | Str+3}
  5972 | D:7      | Reached skill level 5 in Short Blades
  5972 | D:7      | Reached skill level 5 in Long Blades
  5972 | D:7      | Reached skill level 5 in Maces & Flails
  5972 | D:7      | Reached skill level 5 in Polearms
  5972 | D:7      | Reached skill level 5 in Staves
  5972 | D:7      | Reached skill level 5 in Ranged Weapons
  5972 | D:7      | Reached skill level 5 in Throwing
  5972 | D:7      | Reached skill level 5 in Dodging
  5972 | D:7      | Reached skill level 5 in Stealth
  5972 | D:7      | Reached skill level 5 in Unarmed Combat
  5972 | D:7      | Reached skill level 5 in Spellcasting
  5972 | D:7      | Reached skill level 5 in Evocations
  5972 | D:7      | Reached XP level 10. HP: 47/81 MP: 17/17
  6639 | D:7      | Learned a level 3 spell: Portal Projectile
  7227 | D:8      | Learned a level 2 spell: Searing Ray
  7444 | D:8      | Reached ** piety under Okawaru
  8665 | D:9      | Identified the +1 ring mail "Ymuoq" {rN++ Stlth+}
  8996 | D:9      | Noticed a two-headed ogre
  9019 | D:9      | Killed a two-headed ogre
  9020 | D:9      | Reached skill level 5 in Conjurations
  9020 | D:9      | Reached skill level 5 in Hexes
  9020 | D:9      | Reached skill level 5 in Summonings
  9020 | D:9      | Reached skill level 5 in Necromancy
  9020 | D:9      | Reached skill level 5 in Translocations
  9020 | D:9      | Reached skill level 5 in Transmutations
  9020 | D:9      | Reached skill level 5 in Fire Magic
  9020 | D:9      | Reached skill level 5 in Ice Magic
  9020 | D:9      | Reached skill level 5 in Air Magic
  9020 | D:9      | Reached skill level 5 in Earth Magic
  9020 | D:9      | Reached skill level 5 in Poison Magic
  9237 | D:9      | Learned a level 4 spell: Anguish
  9241 | D:9      | Noticed a two-headed ogre
  9248 | D:9      | Killed a two-headed ogre
  9248 | D:9      | Reached *** piety under Okawaru
  9249 | D:9      | Reached XP level 11. HP: 89/89 MP: 20/20
  9619 | D:10     | Entered Level 10 of the Dungeon
  9624 | D:10     | Found the +18 Lear's hauberk
 10051 | D:10     | Received a gift from Okawaru
 10513 | D:10     | Reached **** piety under Okawaru
 10952 | D:10     | Found an ornate altar of the Wu Jian Council.
 11000 | D:11     | Noticed a two-headed ogre
 11007 | D:11     | Killed a two-headed ogre
 11065 | D:11     | Noticed a death yak
 11070 | D:11     | Noticed a death yak
 11075 | D:10     | Killed a death yak
 11077 | D:11     | Noticed a death yak
 11085 | D:10     | Killed a death yak
 11176 | D:10     | Killed a death yak
 11226 | D:11     | Found a staircase to the Lair.
 11306 | D:11     | Reached ***** piety under Okawaru
 11360 | D:11     | Received a gift from Okawaru
 11444 | D:11     | Noticed a boulder beetle
 11453 | D:11     | Killed a boulder beetle
 11454 | D:11     | Reached XP level 12. HP: 96/97 MP: 22/22
 11484 | D:11     | Noticed a two-headed ogre
 11487 | D:11     | Noticed a two-headed ogre
 11488 | D:11     | Noticed a five-headed hydra
 11492 | D:11     | Killed a two-headed ogre
 11497 | D:11     | Killed a two-headed ogre
 11513 | D:11     | HP: 1/97 [orc priest/divine providence (13)]
 11868 | D:10     | Killed a five-headed hydra
 12370 | D:11     | Found a staircase to the Orcish Mines.
 12414 | D:11     | Noticed a two-headed ogre
 12421 | D:11     | Killed a two-headed ogre
 12421 | D:11     | Identified the +1 helmet "Ymutz" {rCorr} (Okawaru gifted it
                  | to you on level 11 of the Dungeon)
 12421 | D:11     | Received a gift from Okawaru
 12422 | D:11     | Reached skill level 10 in Fighting
 12422 | D:11     | Reached skill level 10 in Armour
 12422 | D:11     | Reached skill level 10 in Shields
 12487 | D:11     | Noticed Grum
 12502 | D:11     | Killed Grum
 13139 | Orc:1    | Entered Level 1 of the Orcish Mines
 13142 | Orc:1    | Noticed Jorgrun
 13317 | D:11     | Killed from afar by Jorgrun

Illustrated notes

Levels and vault maps discovered:
D:1:      spicycebolla_arrival_xxxplode, layout_loops_corners, minivault_4
D:2:      minmay_kobold_bridge, layout_basic,
          shapermc_ecumenical_altar_mp_highgroup, serial_shops, shop,
          uniq_terence
D:3:      layout_basic
D:4:      layout_loops_cross, mainiacjoe_overflow_paths, serial_shops,
          nicolae_shop_stone, gup_sewer_entry_pipe, uniq_grinder,
          uniq_blork_the_orc
D:5:      layout_gridville, uniq_pikel
D:6:      layout_basic, minmay_temple_entry_statues_pillars, serial_shops, shop,
          minmay_hollow_rounded_squares, uniq_eustachio
D:7:      layout_rooms, nicolae_figureground_pulse
D:8:      layout_basic
D:9:      layout_long_grid
D:10:     layout_loops_ring, nicolae_overflow_hidden_temple, special_room
          [special_room_orc], bh_circular_ruins
D:11:     layout_cave_pods, dpeg_lair_monsters, erik_orc_4, uniq_grum
Temple:   nicolae_temple_bog_church
Orc:1:    layout_caves, portal_ice_cave_demonic_guard, uniq_jorgrun

Skill      XL: |  1  2  3  4  5  6  7  8  9 10 11 12 |
---------------+-------------------------------------+-----
Short Blades   | 1 2 3 4 5 6 7 |  7.6
Long Blades    | 1 2 3 4 5 6 7 |  7.6
Maces & Flails | 1 2 3 4 5 6 7 |  7.6
Polearms       | 1 2 3 4 5 6 7 |  7.6
Staves         | 1 2 3 4 5 6 7 |  7.6
Ranged Weapons | 1 2 3 4 5 6 7 |  7.6
Throwing       | 1 2 3 4 5 6 7 |  7.6
Dodging        | 1 2 3 4 5 6 7 |  7.6
Stealth        | 1 2 3 4 5 6 7 |  7.6
Unarmed Combat | 1 2 3 4 5 6 7 |  7.6
Spellcasting   | 1 2 3 4 5 6 7 |  7.6
Conjurations   | 1 2 3 4 5 6 |  6.3
Hexes          | 1 2 3 4 5 6 |  6.3
Summonings     | 1 2 3 4 5 6 |  6.3
Necromancy     | 1 2 3 4 5 6 |  6.3
Translocations | 1 2 3 4 5 6 |  6.3
Transmutations | 1 2 3 4 5 6 |  6.3
Fire Magic     | 1 2 3 4 5 6 |  6.3
Ice Magic      | 1 2 3 4 5 6 |  6.3
Air Magic      | 1 2 3 4 5 6 |  6.3
Earth Magic    | 1 2 3 4 5 6 |  6.3
Poison Magic   | 1 2 3 4 5 6 |  6.3
Invocations    | 1 2 3 4 5 6 7 8 |  8.4
Evocations     | 1 2 3 4 5 6 7 |  7.6
Axes           | 5 6 7 8 9 |  9.0
Fighting       | 7 8 9 10 | 10.1
Armour         | 7 8 9 10 | 10.1
Shields        | 7 8 9 10 | 10.1

Action                   |  1- 3 |  4- 6 |  7- 9 | 10-12 || total
-------------------------+-------+-------+-------+-------++-------
Melee: War axe           |    80 |    87 |    22 |       ||   189
       Bite              |     8 |    10 |    28 |    66 ||   112
       Broad axe         |       |    49 |   153 |   397 ||   599
       Dagger            |       |       |       |     6 ||     6
       Flail             |       |       |       |     9 ||     9
 Fire: Sling             |       |       |    51 |    66 ||   117
Throw: Dart              |     2 |     5 |       |     6 ||    13
       Javelin           |       |       |       |     5 ||     5
       Throwing net      |       |       |       |     3 ||     3
 Cast: Searing Ray       |       |       |       |     2 ||     2
Invok: Heroism           |       |       |       |     4 ||     4
  Use: Scroll            |     2 |     6 |     7 |    11 ||    26
       Potion            |       |     1 |       |     3 ||     4
 Stab: Invisible         |       |     3 |       |       ||     3
       Distracted        |       |       |       |     2 ||     2
       Sleeping          |       |       |       |     1 ||     1
Armor: Scale mail        |    46 |    55 |    74 |    34 ||   209
       Acid dragon scale |       |       |       |    54 ||    54
       Chain mail        |       |       |       |   126 ||   126
Dodge: Dodged            |    28 |    45 |    86 |   226 ||   385
Block: Buckler           |    25 |    41 |    67 |   172 ||   305
